 Dungeon Crawl Stone Soup version 0.26-a0-597-gb535b0901c (webtiles) character file.

Game seed: 11623270722435369755

68 Alarkh the Insei (level 4, 28/37 HPs)
             Began as a Demonspawn Monk on Sept 2, 2020.
             Got out of the dungeon alive.
             The game lasted 00:01:23 (1248 turns).

Alarkh the Insei (Demonspawn Monk)                  Turns: 1248, Time: 00:01:24

Health: 28/37      AC:  4    Str: 12    XL:     4   Next: 1%
Magic:  4/4        EV: 13    Int: 12    God:
Gold:   63         SH:  0    Dex: 15    Spells: 3/3 levels left

rFire    . . .     SeeInvis .     - Unarmed
rCold    . . .     Faith    .   (no shield)
rNeg     + . .     Spirit   +   a - +1 robe
rPois    .         Reflect  .   (no helmet)
rElec    .         Harm     .   (no cloak)
rCorr    .                      k - +0 pair of gloves
MR       .....                  (no boots)
Stlth    ++........             (no amulet)
HPRegen  0.12/turn              h - ring of positive energy (curse)
MPRegen  0.09/turn              (no ring)

@: no status effects
A: spiny 1, magic shield
a: no special abilities


You escaped.
You visited 1 branch of the dungeon, and saw 2 of its levels.

You collected 63 gold pieces.

Inventory:

Armour
 a - a +1 robe (worn)
 k - a +0 pair of gloves (worn)
Jewellery
 h - a cursed ring of positive energy (left hand)
Scrolls
 b - 2 scrolls of random uselessness
 d - 2 scrolls of enchant armour
 e - 2 scrolls of magic mapping {unknown}
 f - 2 scrolls of teleportation {unknown}
 i - a scroll of amnesia {unknown}
 j - a scroll of remove curse {unknown}
 l - a scroll of fear {unknown}
 r - a scroll of identify
Potions
 c - 2 potions of brilliance
 g - a potion of might


   Skills:
 + Level 3.7 Fighting
 - Level 2.6 Dodging
 - Level 1.7 Stealth
 * Level 4.0 Unarmed Combat


You had 3 spell levels left.
You didn't know any spells.
Your spell library was empty.

Dungeon Overview and Level Annotations

Branches:
Dungeon (2/15)

Altars:
Okawaru
Zin


Innate Abilities, Weirdness & Mutations

You are partially covered in sharp spines.
When hurt, damage is shared between your health and your magic reserves.


Message History

The worm barely misses you.
You hit the worm.
The worm is severely wounded.
You hit the worm.
The worm is almost dead.
The worm barely misses you.
You hit the worm.
You kill the worm!
Your Unarmed Combat skill increases to level 4!
You have reached level 4!
You feel stronger.
Your demonic ancestry asserts itself...
You feel your magical essence form a protective shroud around your flesh.
There is a stone staircase leading up here.
You climb upwards.
There is a stone staircase leading down here.
There is an open door here.
There is an open door here.
There is a staircase leading out of the dungeon here.
Are you sure you want to leave the Dungeon?
This will make you lose the game!
You have escaped!

...####.....#.########........)..
#....########.......)'...........
#..#.#################...........
#..#.##...................##'#..#
#..#..##.................##..#..#
##.#...##..8..##'##..8..##...#..#
#.#....##...##...##...##....#..#
#.#.....#####.....#####.....#..#
#.#............@............#..#
#.##.......................##..#
#..############'############...#
###..................## ##...#..
.............#######..# #...##.)
#####........# #....####...##.. #
#........#####...........##.. #
#........................##.. ##
#........................##..


There were no monsters in sight!

Vanquished Creatures
  2 adders (D:2)
  An ooze (D:2)
  2 worms (D:2)
  2 dart slugs
  2 giant cockroaches (D:1)
  6 goblins
  2 hobgoblins
  5 bats
  4 frilled lizards
  8 kobolds
  4 rats
38 creatures vanquished.

Notes
Turn   | Place    | Note
-------+----------+-------------------------------------------
     0 | D:1      | Alarkh the Demonspawn Monk began the quest for the Orb.
     0 | D:1      | Reached XP level 1. HP: 18/18 MP: 1/1
   115 | D:1      | Reached skill level 3 in Unarmed Combat
   326 | D:1      | Gained mutation: You are partially covered in sharp spines.
                  | [demonic ancestry]
   326 | D:1      | Reached XP level 2. HP: 24/24 MP: 2/2
   762 | D:2      | Reached XP level 3. HP: 24/29 MP: 3/3
   937 | D:2      | Found an iron altar of Okawaru.
   937 | D:2      | Found a glowing silver altar of Zin.
  1207 | D:2      | Reached skill level 4 in Unarmed Combat
  1207 | D:2      | Gained mutation: When hurt, damage is shared between your
                  | health and your magic reserves. [demonic ancestry]
  1207 | D:2      | Reached XP level 4. HP: 23/37 MP: 4/4
  1248 | D:$      | Got out of the dungeon alive.

Illustrated notes

Levels and vault maps discovered:
D:1:      giann_horns, layout_basic, chequers_serial_rivers_small_3
D:2:      layout_loops_ring, gammafunk_temple_overflow_elements

Skill      XL: |  1  2  3 |
---------------+----------+-----
Unarmed Combat | 3 4 |  4.0
Fighting       | |  3.7
Dodging        | |  2.6
Stealth        | |  1.7

Action                   |  1- 3 |  4- 6 || total
-------------------------+-------+-------++-------
Melee: Unarmed           |   110 |       ||   110
       Punch             |     1 |       ||     1
  Use: Scroll            |     4 |       ||     4
 Stab: Sleeping          |     4 |       ||     4
       Distracted        |     1 |       ||     1
Armor: Robe              |    12 |       ||    12
Dodge: Dodged            |    60 |       ||    60

Table legend: (Time is in decaauts)
 A = Elapsed time spent in this place.
 B = Non-inter-level travel time spent in this place.
 C = Inter-level travel time spent in this place.
 D = Time resting spent in this place.
 E = Time spent auto-exploring this place.
 F = Levels seen in this place.
 G = Mean time per level.
                   A        B        C        D        E       F      G
               +--------+--------+--------+--------+--------+-----+--------+
         Total |   1241 |   1199 |     42 |     93 |    840 |   2 |  620.5 |
       Dungeon |   1241 |   1199 |     42 |     93 |    840 |   2 |  620.5 |
               +--------+--------+--------+--------+--------+-----+--------+

Top non-repeatable levels by time:
     D:1: 707 daAuts
     D:2: 533 daAuts
